 Dungeon Crawl Stone Soup version 0.20-a0-967-g62cfa5d (webtiles) character file.

170 nubinia the Charmwright (level 5, -3/42 HPs)
             Began as a Bultungin Skald on Apr 7, 2017.
             Shot with an arrow by a centaur (13 damage)
             ... on level 3 of the Dungeon.
             The game lasted 00:18:11 (2570 turns).

nubinia the Charmwright (Bultungin Skald)           Turns: 2570, Time: 00:18:12

Health: -3/42      AC:  5    Str: 11    XL:     5   Next: 51%
Magic:  11/11      EV: 13    Int: 14    God:
Gold:   106        SH:  0    Dex: 13    Spells: 7/12 levels left

rFire    . . .     SeeInvis +   a - +0 falchion
rCold    . . .     Gourm    .   (no shield)
rNeg     . . .     Faith    .   b - +0 leather armour
rPois    .         Spirit   .   (no helmet)
rElec    .         Reflect  .   (no cloak)
rCorr    .         Harm     +   (no gloves)
MR       .....                  s - +1 pair of boots
Stlth    +.........             l - amulet of harm
Regen    0.2/turn               (no ring)
MPRegen  0.2/turn               (no ring)

@: about to teleport
A: short attention span, fangs 1, see invisible, strong nose
a: no special abilities


You were on level 3 of the Dungeon.
You were not hungry.

You visited 1 branch of the dungeon, and saw 3 of its levels.

You collected 106 gold pieces.

Inventory:

Hand Weapons
 a - a +0 falchion (weapon)
Armour
 b - a +0 leather armour (worn)
 s - a +1 pair of boots (worn)
Jewellery
 l - an amulet of harm (around neck)
Wands
 j - a wand of enslavement (13/24)
Scrolls
 e - 2 scrolls of amnesia
 g - a scroll of enchant armour
Potions
 h - 2 potions of cancellation
 p - a potion of might {unknown}
 q - a potion of heal wounds
Books
 c - a book of Battle

   Spells                             Type                      Level
   a - Infusion                       Charms                       1
   b - Shroud of Golubria             Charms/Translocation         2
   c - Song of Slaying                Charms                       2
   d - Spectral Weapon                Hexes/Charms                 3
   e - Regeneration                   Charms/Necromancy            3
Comestibles
 d - 3 bread rations
 f - 2 chunks of flesh
 i - 6 fruits
 n - a meat ration


   Skills:
 + Level 3.8 Fighting
 + Level 5.1 Long Blades
 + Level 2.8 Armour
 + Level 3.8 Dodging
 + Level 0.8 Stealth
 + Level 4.2 Spellcasting
 + Level 5.3 Charms
 + Level 0.8 Translocations


You had 7 spell levels left.
You knew the following spells:

 Your Spells              Type           Power        Failure   Level  Hunger
a - Infusion              Chrm           ###.         3%          1    None
b - Song of Slaying       Chrm           ###.....     6%          2    ##.....
g - Shroud of Golubria    Chrm/Tloc      ##........   12%         2    ##.....


Dungeon Overview and Level Annotations

Branches:
Dungeon (3/15)

Altars:
Elyvilon
Okawaru


Innate Abilities, Weirdness & Mutations

You have a short attention span.
You have very sharp teeth.
You have supernaturally acute eyesight. (SInv)
Your uncanny sense of smell can sniff out nearby items.


Message History

a club; an orc corpse; an adder corpse You hear the brisk rusting of a distant drain.
Some of the chunks of flesh in your inventory have rotted away.
A sky beast comes into view.
The sky beast flickers out of sight for a moment.
A centaur comes into view.
The centaur wields a shortbow.
The centaur shoots an arrow.
The arrow hits you!
You see here an arrow.
As you read the scroll of teleportation, it crumbles to dust.
You feel strangely unstable.
The centaur shoots an arrow.
The arrow completely misses you.
The centaur shoots an arrow.
The arrow barely misses you.
The centaur shoots an arrow.
The arrow hits you.
You see here an arrow.
The centaur shoots an arrow.
The arrow hits you.
* * * LOW HITPOINT WARNING * * *
You see here an arrow.
The centaur shoots an arrow.
The arrow closely misses you.
The centaur shoots an arrow.
The arrow hits you!
You die...

#.#.# #.#
#.#.# #.#
#.#Y# #.#
#.#.# #>#
#.#.# #.#
######.#(#
#.#
#......(.#
#.#
.#.#..#(.#
#.#
#c....@#
#.#
##.###.#
#.# #.
..#####.#
#.
####.....#
#. #.#####
# #.# #.#
#.# #.#


You could see a sky beast (invisible) and a centaur.

Vanquished Creatures
  An orc priest (D:3)
  An orc wizard (D:3)
  3 adders
  An ooze (D:2)
  2 worms (D:2)
  A dart slug (D:1)
  2 leopard geckos
  2 orcs (D:3)
  7 bats
  2 giant cockroaches (D:1)
  10 goblins
  15 hobgoblins
  A jackal (D:3)
  A quokka (D:3)
  4 frilled lizards
  4 kobolds
  9 rats
66 creatures vanquished.

Notes
Turn   | Place    | Note
-------+----------+-------------------------------------------
     0 | D:1      | nubinia the Bultungin Skald began the quest for the Orb.
     0 | D:1      | Reached XP level 1. HP: 18/18 MP: 4/4
   405 | D:1      | Reached XP level 2. HP: 24/24 MP: 6/6
   409 | D:1      | Learned a level 2 spell: Song of Slaying
   675 | D:1      | Reached skill level 5 in Charms
   820 | D:1      | Reached XP level 3. HP: 25/29 MP: 5/8
  1454 | D:1      | Learned a level 2 spell: Shroud of Golubria
  1804 | D:2      | Reached XP level 4. HP: 26/35 MP: 9/9
  1854 | D:2      | Found an iron altar of Okawaru.
  2157 | D:2      | Found a white marble altar of Elyvilon.
  2314 | D:3      | Reached XP level 5. HP: 37/41 MP: 2/11
  2447 | D:3      | Reached skill level 5 in Long Blades
  2558 | D:3      | Noticed a sky beast
  2566 | D:3      | Noticed a centaur
  2570 | D:3      | Shot with an arrow by a centaur

Vault maps used:
D:1:      saegor_arrival_under_anarchy, minmay_split_cup_large
D:2:      elyvilon_altar_3, okawaru_altar_gauntlet_db
D:3:      lemuel_round_altar, portal_sewer_entry_f, first_bread,
          serial_bayou_pond_e, tgw_kikubaaqudgha, uniq_natasha

Skill      XL: |  1  2  3  4  5 |
---------------+----------------+-----
Charms         | 5 |  5.3
Armour         | 2 |  2.8
Long Blades    | 4 5 |  5.1
Spellcasting   | 4 |  4.2
Fighting       | |  3.8
Dodging        | |  3.8
Stealth        | |  0.8
Translocations | |  0.8

Action                   |  1- 3 |  4- 6 || total
-------------------------+-------+-------++-------
Melee: Falchion          |   108 |    69 ||   177
       Bite              |     3 |     6 ||     9
 Cast: Infusion          |     5 |     2 ||     7
       Shroud of Golubri |     1 |     4 ||     5
  Use: Scroll            |     1 |     7 ||     8
       Potion            |     2 |     1 ||     3
 Stab: Sleeping          |     1 |       ||     1
  Eat: Chunk             |     3 |     3 ||     6
Armor: Leather armour    |    18 |     9 ||    27
Dodge: Dodged            |    53 |    51 ||   104
       Rpst.: Falchion   |    19 |    13 ||    32
